[Event "Titled Tuesday Blitz August 31 2021"]
[White "Zhigalko, Sergei"]
[Black "Fier, Alexandr"]
[WhiteFideId "13502956"]
[BlackFideId "2107139"]
[WhiteElo "2662"]
[BlackElo "2569"]
[Result "1-0"]
[Round "05"]
[TimeControl "180+1"]
[Date "2021.08.31"]
[WhiteClock "0:00:13"]
[BlackClock "0:00:58"]

1. e4 c5 2. Nf3 d6 3. d4 cxd4 4. Qxd4 Nf6 5. Nc3 Nc6 6. Bb5 Bd7 7. Bxc6 Bxc6 8. Bg5 e6 9. O-O-O Be7 10. Rhe1 Qa5 11. Kb1 h6 12. Bh4 Qh5 13. h3 Qc5 14. Qd3 O-O-O 15. Nd4 Rhe8 16. f3 Kb8 17. Bf2 e5 18. Nxc6+ Qxc6 19. Re2 Rc8 20. Nb5 b6 21. Red2 Red8 22. Qb3 Qc4 23. Qxc4 Rxc4 24. Nxd6 Bxd6 25. Rxd6 Rxd6 26. Rxd6 Kc7 27. Rd2 Rc6 28. a4 Nd7 29. Be3 h5 30. b3 g6 31. Rd5 f5 32. Bg5 Re6 33. b4 Kc6 34. Bd8 Nf8 35. Kb2 Kb7 36. Kb3 Kc8 37. Bg5 Nh7 38. Bh4 fxe4 39. fxe4 g5 40. Bg3 Nf6 41. Rxe5 Rxe5 42. Bxe5 Nxe4 43. Kc4 Nd2+ 44. Kd3 Nb1 45. Bb2 1-0


[Site "https://www.chess.com"]

[Event "Titled Tuesday Blitz August 31 2021"]
[White "Zubov, Alexander"]
[Black "Pastar, Slaven"]
[WhiteFideId "14109409"]
[BlackFideId "14402718"]
[WhiteElo "2740"]
[BlackElo "2150"]
[Result "1/2-1/2"]
[Round "05"]
[TimeControl "180+1"]
[Date "2021.08.31"]
[WhiteClock "0:00:07"]
[BlackClock "0:00:08"]

1. d4 b6 2. e4 Bb7 3. Bd3 Nf6 4. Qe2 e6 5. Nf3 d5 6. e5 Ne4 7. c3 c5 8. Nbd2 Nxd2 9. Bxd2 Be7 10. h4 a5 11. Ng5 Ba6 12. Bxa6 Nxa6 13. Qh5 g6 14. Qf3 O-O 15. a3 cxd4 16. cxd4 Rc8 17. Qd3 Nb8 18. Rh3 Qc7 19. Rc1 Qd8 20. Rd1 Qc7 21. h5 Qc2 22. hxg6 Qxd3 23. gxf7+ Rxf7 24. Rxd3 Bxg5 25. Bxg5 Rg7 26. Rg3 Rc4 27. b3 Rc2 28. Rd2 Rc1+ 29. Ke2 Nc6 30. Be3 Rxg3 31. fxg3 Rc3 32. Rd3 Rxd3 33. Kxd3 b5 34. g4 Kf7 35. Bd2 Kg6 36. a4 b4 37. Be3 Ne7 38. Ke2 Nc6 39. Kf3 Ne7 40. Kg3 Nc6 41. Kh4 Ne7 42. Kg3 Nc6 43. Kf3 Ne7 44. g3 Nc6 45. Bf2 Ne7 46. Ke3 Nc6 47. Be1 Ne7 48. Bd2 Nc6 49. Kd3 Ne7 50. Be3 Nc6 51. Ke2 Ne7 52. Kd3 Nc6 53. Bd2 Ne7 54. Bf4 Nc6 55. Be3 Ne7 1/2-1/2


[Site "https://www.chess.com"]

[Event "Titled Tuesday Blitz August 31 2021"]
[White "deribas12345"]
[Black "Starozhilov, Leonid"]
[BlackFideId "14106752"]
[WhiteElo "2578"]
[BlackElo "2414"]
[Result "1-0"]
[Round "05"]
[TimeControl "180+1"]
[Date "2021.08.31"]
[WhiteClock "0:00:07"]
[BlackClock "0:00:08"]

1. d4 Nf6 2. c4 g6 3. Nc3 d6 4. e4 Bg7 5. Nge2 c6 6. Ng3 h5 7. Be2 h4 8. Nf1 a6 9. a4 a5 10. h3 Na6 11. Bg5 Nb4 12. Nd2 Nh7 13. Be3 e5 14. d5 c5 15. O-O O-O 16. Nb5 b6 17. Ra3 Bf6 18. f4 Ba6 19. f5 Bg5 20. Bxg5 Nxg5 21. f6 Rb8 22. Qe1 Bxb5 23. axb5 Nc2 24. Qxh4 Nh7 25. Rg3 Nd4 26. Bd1 Kh8 27. Qh6 Rg8 28. Nf3 Qf8 29. Qh4 Nxf3+ 30. Rgxf3 g5 31. Qg3 Rg6 32. Rf5 Qh6 33. Bg4 Rbg8 34. Qf3 Qh4 35. g3 Qh6 36. Kg2 Qf8 37. Bh5 Rh6 38. g4 Rxh5 39. gxh5 Qh6 40. Qg4 Rf8 41. R1f3 Rd8 42. Rg3 Rg8 43. h4 Nxf6 44. Rxf6 Qxf6 45. hxg5 Qg7 46. Qf5 Rf8 47. Kf3 Kg8 48. Ke2 Kh8 49. Rg4 Rg8 50. b3 Rf8 51. Kf3 Kg8 52. Qf6 Kh8 53. Kg3 Kh7 54. Qf5+ Kh8 55. h6 Qg6 56. Qf6+ Kh7 57. Qf5 Qxf5 58. exf5 Rg8 59. Kh4 f6 60. Kh5 fxg5 61. Rxg5 Rxg5+ 62. Kxg5 Kg8 63. f6 e4 64. Kf4 a4 65. bxa4 Kf7 66. Kxe4 Kxf6 67. Kf4 Kg6 68. Kg4 Kxh6 69. Kf5 Kg7 70. Ke6 Kg6 71. Kxd6 Kf5 72. Kc6 Ke4 73. Kxb6 1-0


[Site "https://www.chess.com"]

[Event "Titled Tuesday Blitz August 31 2021"]
[White "ketster"]
[Black "Maly, Alexey"]
[BlackFideId "14103184"]
[WhiteElo "2540"]
[BlackElo "2250"]
[Result "0-1"]
[Round "05"]
[TimeControl "180+1"]
[Date "2021.08.31"]
[WhiteClock "0:00:02"]
[BlackClock "0:00:12"]

1. d4 d5 2. c4 dxc4 3. Nf3 Nf6 4. e3 e6 5. Bxc4 a6 6. O-O b5 7. Bd3 Bb7 8. a4 b4 9. Qe2 Nbd7 10. Rd1 c5 11. dxc5 Bxc5 12. b3 O-O 13. Bb2 Qe7 14. Nbd2 Rfc8 15. Nc4 a5 16. Rac1 Nd5 17. Nd4 N7f6 18. Nb5 Ba6 19. Nd4 h6 20. Ne5 Bb7 21. f3 Nc3 22. Bxc3 bxc3 23. Rxc3 Nd5 24. Rcc1 Bxd4 25. exd4 Nc3 26. Rxc3 Rxc3 27. Bc4 Bd5 28. Ng6 Qd6 29. Qd2 Rxb3 30. Bxb3 Bxb3 31. Rb1 Bxa4 32. Ne5 Be8 33. Qf4 a4 34. Ra1 f6 35. Nd3 e5 36. Qe4 Bc6 37. Qe3 Qxd4 38. Qxd4 exd4 39. Nb4 Bb5 40. Ra3 Kf7 41. Kf2 Ke6 42. Ke1 Kd6 43. Kd2 Kc5 44. Nc2 Re8 45. g3 Re2+ 46. Kc1 Rxh2 47. f4 Kc4 48. Rf3 Bc6 49. Ra3 Be4 0-1


[Site "https://www.chess.com"]

[Event "Titled Tuesday Blitz August 31 2021"]
[White "stanyga"]
[Black "Pajeken, Jakob Leon"]
[BlackFideId "12942839"]
[WhiteElo "2686"]
[BlackElo "2231"]
[Result "1-0"]
[Round "05"]
[TimeControl "180+1"]
[Date "2021.08.31"]
[WhiteClock "0:00:52"]
[BlackClock "0:00:04"]

1. e4 d6 2. d4 Nf6 3. Nc3 e5 4. Nf3 Nbd7 5. Bc4 Be7 6. O-O O-O 7. Re1 c6 8. a4 h6 9. h3 Qc7 10. Ba2 Re8 11. Be3 exd4 12. Nxd4 Bf8 13. Bf4 Nc5 14. Qf3 Ne6 15. Nxe6 Bxe6 16. Bxh6 Bxa2 17. Rxa2 d5 18. Bf4 Qa5 19. Raa1 Bb4 20. e5 Ne4 21. Nxe4 Bxe1 22. Nf6+ gxf6 23. exf6 Re4 24. Qg4+ Kf8 25. Qg7+ Ke8 26. Qg8+ Kd7 27. Qxa8 Bxf2+ 28. Kxf2 Rxf4+ 29. Kg1 Qb6+ 30. Kh1 Qxb2 31. Re1 Re4 32. Rf1 Re6 33. Qf8 Rxf6 34. Re1 Kc7 35. a5 Rd6 36. Qxf7+ Rd7 37. Qf4+ Rd6 38. Re7+ Kc8 39. Qf5+ Kd8 40. Qf8# 1-0


[Site "https://www.chess.com"]

[Event "Titled Tuesday Blitz August 31 2021"]
[White "Abdurakhmonov, Mukhammadali"]
[Black "Xiong, Jeffery"]
[WhiteFideId "14207346"]
[BlackFideId "2047640"]
[WhiteElo "2266"]
[BlackElo "2724"]
[Result "1/2-1/2"]
[Round "06"]
[TimeControl "180+1"]
[Date "2021.08.31"]
[WhiteClock "0:01:44"]
[BlackClock "0:01:47"]

1. e4 c5 2. Nc3 Nc6 3. Nge2 g6 4. d4 cxd4 5. Nxd4 Bg7 6. Be3 Nf6 7. Nxc6 bxc6 8. e5 Ng8 9. Bd4 Nh6 10. e6 O-O 11. Bxg7 Kxg7 12. Qd4+ f6 13. exd7 Qxd7 14. Qxd7 Bxd7 15. O-O-O Rfd8 16. Ba6 Rab8 17. Rhe1 Kf8 18. Na4 Nf5 19. Nc5 Nd6 20. a3 Kf7 21. b4 Bf5 22. Kb2 h5 23. Nb3 e5 24. Na5 Rb6 25. Nc4 Nxc4+ 26. Bxc4+ Ke7 27. Rxd8 Kxd8 28. Kc3 Ke7 29. f4 Kd6 30. Rd1+ Ke7 31. Re1 Kd6 32. Rd1+ Ke7 33. Re1 1/2-1/2


[Site "https://www.chess.com"]

[Event "Titled Tuesday Blitz August 31 2021"]
[White "Abdusattorov, Nodirbek"]
[Black "Hansen, Sune Berg"]
[WhiteFideId "14204118"]
[BlackFideId "1400266"]
[WhiteElo "2662"]
[BlackElo "2719"]
[Result "0-1"]
[Round "06"]
[TimeControl "180+1"]
[Date "2021.08.31"]
[WhiteClock "0:00:13"]
[BlackClock "0:00:34"]

1. Nf3 d5 2. b3 c5 3. e3 a6 4. Bb2 Nc6 5. d4 e6 6. dxc5 Nf6 7. c4 Bxc5 8. cxd5 exd5 9. Be2 O-O 10. O-O Ba7 11. Nc3 Qd6 12. Rc1 Re8 13. Na4 Ne4 14. Nd2 Qg6 15. Nxe4 dxe4 16. Kh1 Qg5 17. Nc3 Bf5 18. Qd6 Bb8 19. Qd5 Rd8 20. Qc5 Ba7 21. Qc4 Rd2 22. Ba1 Re8 23. Rfd1 Ne5 24. Qc7 Bb8 25. Qxb7 Rxe2 26. Nxe2 Nd3 27. Rxd3 exd3 28. Ng3 Bxg3 29. fxg3 d2 30. Rd1 Qxe3 0-1


[Site "https://www.chess.com"]

[Event "Titled Tuesday Blitz August 31 2021"]
[White "Akshat, Khamparia"]
[Black "Prraneeth Vuppala"]
[WhiteFideId "5016541"]
[BlackFideId "46622373"]
[WhiteElo "2237"]
[BlackElo "1759"]
[Result "0-1"]
[Round "06"]
[TimeControl "180+1"]
[Date "2021.08.31"]
[WhiteClock "0:00:01"]
[BlackClock "0:00:05"]

1. d4 Nf6 2. c4 e6 3. Nc3 Bb4 4. f3 c5 5. d5 d6 6. e4 b5 7. Ne2 bxc4 8. Nf4 e5 9. Ne2 Nbd7 10. g4 Nb6 11. h4 h5 12. g5 Ng8 13. Ng3 Ne7 14. Kf2 Bd7 15. Be3 f5 16. gxf6 gxf6 17. Be2 Ng6 18. Qc1 Qc8 19. Bh6 Bxc3 20. bxc3 Qa6 21. Nxh5 O-O-O 22. Nxf6 Nf4 23. Bxf4 exf4 24. Nxd7 Nxd7 25. Qxf4 Rdf8 26. Qe3 Ne5 27. f4 Nd3+ 28. Bxd3 cxd3 29. e5 Qc4 30. Rh3 Rxf4+ 31. Rf3 Rxf3+ 32. Qxf3 Qxh4+ 33. Ke3 Qg5+ 34. Kxd3 Qxe5 35. Qg4+ Kc7 36. Rf1 Qxd5+ 37. Kc2 Qxa2+ 38. Kd3 Qa6+ 39. c4 Qa3+ 40. Ke4 Re8+ 41. Kf5 Qd3+ 0-1


[Site "https://www.chess.com"]

[Event "Titled Tuesday Blitz August 31 2021"]
[White "Aldokhin, Ivan"]
[Black "Hoffmann, Asa"]
[WhiteFideId "24115720"]
[BlackFideId "2001470"]
[WhiteElo "2306"]
[BlackElo "2117"]
[Result "0-1"]
[Round "06"]
[TimeControl "180+1"]
[Date "2021.08.31"]
[WhiteClock "0:00:03"]
[BlackClock "0:00:07"]

1. e4 d6 2. d4 Nf6 3. Nc3 c6 4. Bg5 Nbd7 5. Qd2 b5 6. Bd3 e5 7. dxe5 dxe5 8. f4 h6 9. Bh4 exf4 10. Nf3 g5 11. Bf2 Bg7 12. e5 Ng4 13. e6 fxe6 14. Bg6+ Kf8 15. O-O-O Nxf2 16. Qxf2 Bxc3 17. bxc3 Qf6 18. Be4 Qxc3 19. Rd3 Qa1+ 20. Kd2 Qxh1 21. Qd4 Qxg2+ 22. Kc3 b4+ 23. Kb2 Kg8 24. Ne5 Qe2 25. Nxc6 Rh7 26. Bf3 Qe1 27. Qd6 Nf8 28. Qd8 Ba6 29. Ne7+ Rxe7 30. Qxe7 Bxd3 31. Bxa8 Qc3+ 0-1


[Site "https://www.chess.com"]

[Event "Titled Tuesday Blitz August 31 2021"]
[White "Baskin, Robert"]
[Black "Csonka, Balazs"]
[WhiteFideId "24662402"]
[BlackFideId "742910"]
[WhiteElo "2462"]
[BlackElo "2404"]
[Result "0-1"]
[Round "06"]
[TimeControl "180+1"]
[Date "2021.08.31"]
[WhiteClock "0:00:02"]
[BlackClock "0:00:41"]

1. e4 e6 2. d4 d5 3. Nc3 Nf6 4. Bg5 dxe4 5. Nxe4 Be7 6. Bxf6 gxf6 7. Nc3 a6 8. g3 b5 9. Bg2 Ra7 10. Qd3 b4 11. Nce2 Bb7 12. Bxb7 Rxb7 13. O-O-O Qd5 14. Nf3 Qxa2 15. d5 Qa1+ 16. Kd2 Qxb2 17. dxe6 fxe6 18. Ned4 Qc3+ 19. Qxc3 bxc3+ 20. Kxc3 Kf7 21. Rhe1 Rb6 22. Re2 Rd8 23. Rd3 e5 24. Nf5 Bb4+ 25. Kc4 Rxd3 26. cxd3 Nc6 27. d4 Bd6 28. Nxd6+ cxd6 29. Rc2 Nb4 30. Rc1 Rc6+ 0-1


[Site "https://www.chess.com"]

[Event "Titled Tuesday Blitz August 31 2021"]
[White "Bernadskiy, Vitaliy"]
[Black "Martin Duque, Jesus"]
[WhiteFideId "14100371"]
[BlackFideId "2208954"]
[WhiteElo "2510"]
[BlackElo "2224"]
[Result "1-0"]
[Round "06"]
[TimeControl "180+1"]
[Date "2021.08.31"]
[WhiteClock "0:00:44"]
[BlackClock "0:00:03"]

1. e4 c5 2. Nf3 e6 3. d4 cxd4 4. Nxd4 Nc6 5. Nc3 Qc7 6. g4 a6 7. Be3 Nge7 8. f4 Nxd4 9. Qxd4 Nc6 10. Qb6 Qxb6 11. Bxb6 Bb4 12. O-O-O Ke7 13. a3 Bxc3 14. Bc5+ Ke8 15. bxc3 f6 16. h4 Kf7 17. g5 Rd8 18. Bb6 Re8 19. Bc4 d5 20. exd5 exd5 21. Rxd5 Be6 22. Rd7+ Re7 23. Bxe6+ Kxe6 24. Rd3 Kf5 25. Rd5+ Kxf4 26. gxf6 gxf6 27. Rf1+ Ke4 28. c4 Re5 29. Rd3 f5 30. Re3# 1-0


[Site "https://www.chess.com"]

[Event "Titled Tuesday Blitz August 31 2021"]
[White "Blomqvist, Erik"]
[Black "Vivas Zamora, Fabian Ernesto"]
[WhiteFideId "1709437"]
[BlackFideId "3902480"]
[WhiteElo "2460"]
[BlackElo "1966"]
[Result "1-0"]
[Round "06"]
[TimeControl "180+1"]
[Date "2021.08.31"]
[WhiteClock "0:01:14"]
[BlackClock "0:00:05"]

1. e4 e5 2. Nf3 Nc6 3. Bb5 f5 4. d3 fxe4 5. dxe4 Nf6 6. O-O Bc5 7. Bxc6 bxc6 8. Nxe5 O-O 9. Nc3 d6 10. Na4 Nxe4 11. Nxc5 Nxc5 12. Nxc6 Qe8 13. Nd4 Qg6 14. f3 Ba6 15. Re1 Rf6 16. Be3 Raf8 17. Bf2 Bb7 18. Bg3 h5 19. Qd2 Nd7 20. Re7 Ne5 21. Bxe5 dxe5 22. Rxe5 Rd6 23. Qe3 1-0


[Site "https://www.chess.com"]

[Event "Titled Tuesday Blitz August 31 2021"]
[White "Bortnyk, Olexandr"]
[Black "Dang, Hoang Son"]
[WhiteFideId "14120828"]
[BlackFideId "12402435"]
[WhiteElo "2723"]
[BlackElo "2248"]
[Result "1-0"]
[Round "06"]
[TimeControl "180+1"]
[Date "2021.08.31"]
[WhiteClock "0:01:27"]
[BlackClock "0:00:57"]

1. d4 Nf6 2. Nc3 d5 3. Bf4 c6 4. e3 Nbd7 5. Bd3 b5 6. Nf3 Nb6 7. Ne5 Bb7 8. O-O e6 9. Qf3 a6 10. a4 b4 11. Ne2 a5 12. Bg5 Be7 13. Nf4 Nbd7 14. Nh5 O-O 15. Nxg7 Kxg7 16. Qg3 Nh5 17. Bf6+ Kxf6 18. Nxd7+ Qxd7 19. Qe5# 1-0


[Site "https://www.chess.com"]

[Event "Titled Tuesday Blitz August 31 2021"]
[White "Boyer, Mahel"]
[Black "Gunina, Valentina"]
[WhiteFideId "45102422"]
[BlackFideId "4167570"]
[WhiteElo "2328"]
[BlackElo "2399"]
[Result "1-0"]
[Round "06"]
[TimeControl "180+1"]
[Date "2021.08.31"]
[WhiteClock "0:00:05"]
[BlackClock "0:00:02"]

1. e4 c6 2. c4 d5 3. exd5 cxd5 4. cxd5 Nf6 5. Nc3 Nxd5 6. Nf3 Nc6 7. Bb5 g6 8. Qa4 Nb6 9. Bxc6+ bxc6 10. Qxc6+ Bd7 11. Qe4 Bg7 12. d4 Rc8 13. O-O Bc6 14. Qe2 O-O 15. Rd1 Nd5 16. Bg5 Qd6 17. Ne5 Bb7 18. Ne4 Qe6 19. Qb5 Ba8 20. Qd7 Qb6 21. Nc5 f6 22. Nc4 Qc7 23. Qxc7 Rxc7 24. Bh4 e5 25. Bg3 Rcc8 26. Nd6 Rc6 27. Ne6 Rxd6 28. Nxf8 Kxf8 29. dxe5 fxe5 30. Rac1 Bb7 31. Rc5 Rd7 32. Rb5 Kf7 33. h4 Bc6 34. Rc5 Ba8 35. Rc8 Bb7 36. Rb8 Ba6 37. Rb3 Bf6 38. Ra3 Bb5 39. Ra5 a6 40. a4 Bc4 41. Rc1 Bb3 42. Rxa6 e4 43. Re1 Bc2 44. Rc6 Bxa4 45. Rc4 Bb5 46. Rcxe4 Bxb2 47. Be5 Ba3 48. Rd1 Be7 49. Bg3 Nf6 50. Rxd7 Bxd7 51. Re1 Bf5 52. Rc1 Ne4 53. Rc7 Ke6 54. Ra7 Nxg3 55. Ra6+ Kd5 56. fxg3 Bc5+ 57. Kh2 h5 58. Ra4 Kc6 59. Rf4 Kb5 60. Rf3 Kc4 61. Rf4+ Kd3 62. Rf3+ Be3 63. Rf1 Ke2 64. Ra1 Bd3 65. Ra2+ Kf1 66. Ra1+ Kf2 67. Ra2+ Be2 68. Ra5 Bd4 69. Rg5 Bd3 70. Rd5 Ke3 71. Rd6 Be5 72. Re6 Kd4 73. Rb6 Bf5 74. Rb4+ Kc5 75. Ra4 Bd6 76. Ra5+ Kb6 77. Ra2 Kc6 78. Rd2 Kd7 79. Re2 Kc6 80. Rd2 Be5 81. Re2 Kd5 82. Rd2+ Ke6 83. Re2 Kf6 84. Ra2 g5 85. hxg5+ Kxg5 86. Ra5 Bd4 87. Kh1 Bf2 88. Kh2 Be3 89. Re5 Bd4 90. Rd5 Bb6 91. Rb5 Bc7 92. Rc5 Bd6 93. Rd5 Bb4 94. Rb5 Bc3 95. Rc5 Be1 96. Re5 Bf2 97. Re2 Bd4 98. Rd2 Bf6 99. Rd5 Kg4 100. Rc5 Be7 101. Rc4+ Kg5 102. Rd4 Bc5 103. Rd5 Bb4 104. Rb5 Bc3 105. Rc5 Bd4 106. Rd5 Be3 107. Re5 Bf2 108. Rd5 Kg4 109. Rb5 Bxg3+ 110. Kh1 h4 111. Rb4+ Kg5 112. Rb3 Be4 113. Rb5+ Kf4 114. Rb4 1-0


[Site "https://www.chess.com"]

[Event "Titled Tuesday Blitz August 31 2021"]
[White "Buscar, Michael"]
[Black "Murzin, Volodar"]
[WhiteFideId "2603616"]
[BlackFideId "44155573"]
[WhiteElo "2010"]
[BlackElo "2541"]
[Result "0-1"]
[Round "06"]
[TimeControl "180+1"]
[Date "2021.08.31"]
[WhiteClock "0:00:13"]
[BlackClock "0:01:13"]

1. d4 d5 2. c4 c6 3. Nc3 dxc4 4. e3 b5 5. a4 b4 6. Na2 a5 7. Bxc4 Nf6 8. Nf3 Ba6 9. Qb3 Bxc4 10. Qxc4 Qd5 11. b3 Nbd7 12. Bb2 Qxc4 13. bxc4 Nb6 14. Ne5 Nxa4 15. O-O-O c5 16. Kb1 Ne4 17. Rhf1 b3 18. Nc1 Nec3+ 19. Bxc3 Nxc3+ 20. Kb2 Nxd1+ 21. Rxd1 a4 22. dxc5 e6 23. c6 Rc8 24. Rd7 f6 25. Nf7 Rxc6 26. Ra7 Rg8 27. Nd3 Be7 28. Rxa4 Kxf7 29. Kxb3 Rd8 30. Kc3 Rcd6 31. Nf4 g5 32. Nh3 Rd2 33. Ra7 0-1


[Site "https://www.chess.com"]

[Event "Titled Tuesday Blitz August 31 2021"]
[White "Chigaev, Maksim"]
[Black "Naroditsky, Daniel"]
[WhiteFideId "4108116"]
[BlackFideId "2026961"]
[WhiteElo "2579"]
[BlackElo "2608"]
[Result "1/2-1/2"]
[Round "06"]
[TimeControl "180+1"]
[Date "2021.08.31"]
[WhiteClock "0:00:27"]
[BlackClock "0:00:44"]

1. d4 Nf6 2. Bg5 Ne4 3. h4 d5 4. Nd2 Nf6 5. e3 c5 6. c3 Nbd7 7. Ngf3 e6 8. Bf4 b6 9. h5 h6 10. Ne5 Bb7 11. Bd3 Nxe5 12. Bxe5 Bd6 13. f4 Qc7 14. Qe2 Bxe5 15. fxe5 Nd7 16. Qg4 O-O-O 17. Qxg7 f6 18. exf6 Rdg8 19. Qf7 Qg3+ 20. Kd1 Rf8 21. Qxe6 Rxf6 22. Qh3 Qxh3 23. Rxh3 Rf2 24. Rg3 Nf6 25. Ke1 Rf8 26. Kxf2 Ne4+ 27. Kg1 Nxg3 28. Nf3 Nxh5 29. Kf2 Nf6 30. Rh1 Kc7 31. Ke2 Ng4 32. Rh4 Bc8 33. Bg6 Rg8 34. Bf7 Rg7 35. Bh5 Nf6 36. Kf2 Ne4+ 37. Kg1 Ng3 38. Ne5 Nf5 39. Rg4 1/2-1/2


[Site "https://www.chess.com"]

[Event "Titled Tuesday Blitz August 31 2021"]
[White "Chos, Alexey"]
[Black "Zubov, Alexander"]
[WhiteFideId "14117762"]
[BlackFideId "14109409"]
[WhiteElo "2234"]
[BlackElo "2740"]
[Result "0-1"]
[Round "06"]
[TimeControl "180+1"]
[Date "2021.08.31"]
[WhiteClock "0:01:34"]
[BlackClock "0:01:56"]

1. d4 d5 2. Nf3 Nf6 3. c4 dxc4 4. g3 b5 5. Bg2 Bb7 6. O-O e6 7. Nbd2 Nbd7 8. Qc2 c5 9. e4 Be7 10. Rd1 Qb6 11. b3 cxb3 12. Nxb3 Bxe4 13. Qe2 c4 14. Nbd2 Bd5 15. Nf1 O-O 16. Ne3 Be4 17. Ne5 Bxg2 18. Kxg2 Qb7+ 19. f3 Nxe5 20. dxe5 Nd7 21. Bb2 Nc5 22. Rab1 Nd3 23. Bc3 Qc6 24. Nc2 Bc5 25. Bd4 Rfd8 26. Bc3 a5 27. Ne3 Bxe3 28. Qxe3 b4 29. Ba1 Rd5 30. Rd2 Rad8 31. Rc2 c3 32. a3 Rxe5 0-1


[Site "https://www.chess.com"]

[Event "Titled Tuesday Blitz August 31 2021"]
[White "Cunha, Lucas Aguiar"]
[Black "Kucuksari, Kaan"]
[WhiteFideId "2125404"]
[BlackFideId "6380166"]
[WhiteElo "2361"]
[BlackElo "2300"]
[Result "1-0"]
[Round "06"]
[TimeControl "180+1"]
[Date "2021.08.31"]
[WhiteClock "0:00:42"]
[BlackClock "0:00:25"]

1. e4 c6 2. d4 d5 3. e5 c5 4. dxc5 Nc6 5. a3 e6 6. Nf3 Bxc5 7. b4 Be7 8. Bb2 Nh6 9. Bd3 Nf5 10. O-O h5 11. Nbd2 h4 12. h3 b6 13. c4 Bb7 14. Rc1 dxc4 15. Nxc4 O-O 16. Bxf5 exf5 17. Nd6 Bxd6 18. exd6 a6 19. Qd3 b5 20. Rfd1 Qd7 21. Nxh4 f4 22. Nf5 f6 23. Rxc6 Bxc6 24. Ne7+ Kh8 25. Qg6 Bf3 26. gxf3 Qxh3 27. Rd5 1-0


[Site "https://www.chess.com"]

[Event "Titled Tuesday Blitz August 31 2021"]
[White "Danielian, Vardan"]
[Black "Rodriguez Hernandez, Luis Daniel"]
[WhiteFideId "13301594"]
[BlackFideId "3506770"]
[WhiteElo "2521"]
[BlackElo "2133"]
[Result "0-1"]
[Round "06"]
[TimeControl "180+1"]
[Date "2021.08.31"]
[WhiteClock "0:01:10"]
[BlackClock "0:01:07"]

1. Nf3 Nf6 2. g3 g6 3. Bg2 Bg7 4. O-O O-O 5. d4 d6 6. c4 Nc6 7. Nc3 Bg4 8. h3 Bxf3 9. exf3 e5 10. dxe5 Nxe5 11. b3 Nfd7 12. Qc2 Qf6 13. f4 Nxc4 14. bxc4 Qxc3 15. Qxc3 Bxc3 16. Rb1 Nc5 17. Be3 Ba5 18. Bxc5 dxc5 19. Bxb7 Rae8 20. Bf3 Re6 21. Rfd1 Rfe8 22. Kg2 Re1 23. Rxe1 Rxe1 24. Rxe1 Bxe1 25. Bd5 Kg7 26. Kf3 f5 27. h4 Kf6 28. Ke2 Bc3 29. Kd3 Be1 30. Ke2 Bc3 31. Kd3 Bd4 32. Ke2 h6 33. f3 Bc3 34. g4 h5 35. gxh5 gxh5 36. Bc6 Ke7 37. Bb7 Bf6 38. Bc8 Bxh4 39. Bxf5 Bg3 40. Bg6 h4 41. Ke3 h3 0-1


[Site "https://www.chess.com"]

[Event "Titled Tuesday Blitz August 31 2021"]
[White "De Silva, L M S T"]
[Black "Postny, Evgeny"]
[WhiteFideId "9953698"]
[BlackFideId "2804344"]
[WhiteElo "1621"]
[BlackElo "2521"]
[Result "1-0"]
[Round "06"]
[TimeControl "180+1"]
[Date "2021.08.31"]
[WhiteClock "0:00:18"]
[BlackClock "0:00:07"]

1. e4 c5 2. Nf3 Nc6 3. Bb5 Nd4 4. Nxd4 cxd4 5. O-O g6 6. c3 Bg7 7. cxd4 Bxd4 8. Nc3 a6 9. Ba4 b5 10. Bb3 d6 11. Ne2 Bg7 12. d4 Nf6 13. e5 dxe5 14. dxe5 Qxd1 15. Rxd1 Nd7 16. f4 Nc5 17. Bd5 Bb7 18. Be3 Bxd5 19. Rxd5 Ne6 20. Nd4 Nxd4 21. Rxd4 f6 22. e6 f5 23. Rd7 Bxb2 24. Rad1 Ba3 25. Bd4 O-O 26. Be5 Rac8 27. R1d3 Bc5+ 28. Kf1 Rc6 29. Rc3 b4 30. Rc2 a5 31. Bd4 Rfc8 32. Bxc5 Rxc5 33. Rxc5 Rxc5 34. Rxe7 Rc1+ 35. Ke2 Rc2+ 36. Kd3 Rxa2 37. Ra7 Kf8 38. Kd4 Re2 39. Kd5 b3 40. Rxa5 b2 41. Rb5 Ke7 42. Rb7+ Kd8 43. Kd6 Rd2+ 44. Ke5 Rxg2 45. Kf6 Kc8 46. Rb3 Rxh2 47. e7 Re2 48. Rxb2 Re4 49. Kf7 Kd7 50. Rd2+ Kc6 51. e8=Q+ Rxe8 52. Kxe8 1-0


[Site "https://www.chess.com"]

[Event "Titled Tuesday Blitz August 31 2021"]
[White "Dobrov, Vladimir"]
[Black "Kozak, Antoni"]
[WhiteFideId "4136594"]
[BlackFideId "21832030"]
[WhiteElo "2614"]
[BlackElo "2289"]
[Result "1-0"]
[Round "06"]
[TimeControl "180+1"]
[Date "2021.08.31"]
[WhiteClock "0:00:16"]
[BlackClock "0:00:22"]

1. d4 d5 2. c4 e6 3. Nc3 c6 4. e4 dxe4 5. Nxe4 Bb4+ 6. Bd2 Qxd4 7. Bxb4 Qxe4+ 8. Be2 Na6 9. Bd6 Nf6 10. Nf3 e5 11. Nxe5 Be6 12. O-O O-O-O 13. Bf3 Qf5 14. c5 Rxd6 15. Qxd6 Rd8 16. Nxc6 bxc6 17. Qxc6+ Nc7 18. Qb7+ Kd7 19. Rad1+ Nd5 20. Rfe1 Rc8 21. b4 a6 22. a4 g5 23. b5 axb5 24. axb5 g4 25. Be4 Qg5 26. b6 Ke7 27. Bxd5 1-0


[Site "https://www.chess.com"]

[Event "Titled Tuesday Blitz August 31 2021"]
[White "Dudzinski, Pawel"]
[Black "Borsuk, Konstantin"]
[WhiteFideId "1117890"]
[BlackFideId "14113406"]
[WhiteElo "2193"]
[BlackElo "2382"]
[Result "0-1"]
[Round "06"]
[TimeControl "180+1"]
[Date "2021.08.31"]
[WhiteClock "0:00:07"]
[BlackClock "0:00:46"]

1. e4 e6 2. d4 d5 3. Nd2 Nf6 4. Bd3 c5 5. exd5 Qxd5 6. Ngf3 cxd4 7. O-O Nc6 8. Bc4 Qd6 9. Nb3 e5 10. Re1 Be6 11. Bxe6 fxe6 12. Qe2 e4 13. Ng5 Qd5 14. Nxe4 e5 15. f4 O-O-O 16. fxe5 Nxe5 17. Ng5 Bd6 18. Bf4 Rhe8 19. Qd2 Nc4 20. Qf2 Ne3 21. Bxd6 Rxd6 22. Nf3 Ne4 23. Qh4 Nxg2 24. Qh3+ Kb8 25. Kxg2 Rg6+ 26. Kf1 Rf8 27. Nxd4 Qxd4 28. Re2 Qg1# 0-1


[Site "https://www.chess.com"]

[Event "Titled Tuesday Blitz August 31 2021"]
[White "Dzhaparov, Medet"]
[Black "Potapova, Margarita"]
[WhiteFideId "13803689"]
[BlackFideId "14126869"]
[WhiteElo "1702"]
[BlackElo "2214"]
[Result "0-1"]
[Round "06"]
[TimeControl "180+1"]
[Date "2021.08.31"]
[WhiteClock "0:00:06"]
[BlackClock "0:00:06"]

1. d4 Nf6 2. c4 c5 3. d5 b5 4. cxb5 a6 5. bxa6 g6 6. Nc3 Bg7 7. Nf3 O-O 8. e4 Qa5 9. Bd2 d6 10. a4 Bxa6 11. Bb5 Bxb5 12. Nxb5 Qb6 13. Qe2 Nbd7 14. O-O Ra6 15. Bc3 Rfa8 16. b3 Qb7 17. Nd2 Ne8 18. Bxg7 Kxg7 19. Rfc1 Nc7 20. Nxc7 Qxc7 21. Nc4 Qb7 22. Rab1 Rb8 23. h4 f6 24. Qg4 f5 25. exf5 Nf6 26. Qe2 Qxd5 27. Qxe7+ Qf7 28. Qxf7+ Kxf7 29. fxg6+ hxg6 30. Rd1 d5 31. Ne5+ Kg7 32. Rdc1 Rc8 33. f3 d4 34. Nd3 Rac6 35. Rc4 Nd5 36. b4 cxb4 37. Rxd4 Nc3 38. Rb2 b3 39. Rd7+ Kf6 40. Rxb3 Nxa4 41. Nf4 Nc5 42. Rbd3 Nxd3 43. Rxd3 Ra8 44. Kh2 Ra4 45. Kg3 Kg7 46. Rd7+ Kf6 47. Nh3 Ke6 48. Rd3 Rc2 49. Ng5+ Kf6 50. Rd6+ Kg7 51. Rd7+ Kf6 52. Rf7+ Ke5 53. Rg7 Ra6 54. Rg8 Kf5 55. Rf8+ Ke5 56. Kh3 Rb2 57. g3 Rb1 58. f4+ Kd4 59. Kg4 Rb3 60. Rd8+ Ke3 61. Re8+ Kf2 62. Ne4+ Kg2 63. Nc5 Rxg3# 0-1


[Site "https://www.chess.com"]

[Event "Titled Tuesday Blitz August 31 2021"]
[White "Eljanov, Pavel"]
[Black "Polivanov, Anatoliy"]
[WhiteFideId "14102951"]
[BlackFideId "14109468"]
[WhiteElo "2602"]
[BlackElo "2472"]
[Result "1-0"]
[Round "06"]
[TimeControl "180+1"]
[Date "2021.08.31"]
[WhiteClock "0:00:33"]
[BlackClock "0:00:02"]

1. Nf3 f5 2. d4 Nf6 3. c4 g6 4. Nc3 Bg7 5. g3 O-O 6. Bg2 d6 7. O-O Nc6 8. d5 Ne5 9. Nxe5 dxe5 10. c5 h6 11. Qb3 Kh8 12. Rd1 g5 13. Nb5 a6 14. Na3 Qe8 15. Nc4 e4 16. Be3 Qh5 17. Bd4 Qxe2 18. f3 e3 19. Bxe3 Nxd5 20. Rd2 Qxc4 21. Qxc4 Nxe3 22. Qb3 f4 23. Re1 Bf5 24. Rxe3 fxe3 25. Qxe3 Rad8 26. Bf1 e5 27. Bd3 e4 28. Bxe4 Bh3 29. Kf2 Rde8 30. Qd3 Re5 31. b4 Rfe8 32. Bxb7 Re1 33. Bc6 Kg8 34. Bxe8 Rf1+ 35. Qxf1 1-0


[Site "https://www.chess.com"]